 Dungeon Crawl Stone Soup version 0.31-a0-221-gbddc013574 (webtiles) character file.

Game seed: 12063321219745953284

231 qw the Shooter (level 5, 0/45 HPs)
             Began as a Minotaur Hexslinger on July 3, 2023.
             Slain by a lemure (8 damage)
             ... led by Pikel
             ... on level 4 of the Dungeon.
             The game lasted 00:01:00 (2437 turns).

qw the Shooter (Minotaur Hexslinger)                Turns: 2437, Time: 00:01:00

Health: 0/45       AC:  3    Str: 13    XL:     5   Next: 73%
Magic:  5/5        EV: 12    Int: 10    God:
Gold:   193        SH:  0    Dex: 14    Spells: 5/6 levels left

rFire   + . .        Y - +1 sling (elec)
rCold   . . .        (no shield)
rNeg    . . .        a - +0 leather armour
rPois   .            (helmet restricted)
rElec   .            (no cloak)
rCorr   .            (no gloves)
SInv    .            (no boots)
Will    .....        (no amulet)
Stlth   +            b - ring of protection from fire
HPRegen 0.27/turn    (no ring)
MPRegen 0.09/turn

%: no passive effects
@: no status effects
A: horns 2, retaliatory headbutt
a: no special abilities


You were on level 4 of the Dungeon.
You visited 1 branch of the dungeon, and saw 4 of its levels.

You collected 193 gold pieces.


Innate Abilities, Weirdness & Mutations

You have a pair of horns on your head.
You reflexively headbutt those who attack you in melee.


   Skills:
 + Level 3.0 Fighting
 - Level 6.1 Ranged Weapons
 - Level 2.1 Dodging
 - Level 1.0 Spellcasting
 - Level 2.0 Hexes


You had 5 spell levels left.
You knew the following spells:

 Your Spells              Type           Power      Damage    Failure   Level
a - Slow                  Hex            16%        N/A       19%         1

Your spell library contained the following spells:

 Spells                   Type           Power      Damage    Failure   Level
 Inner Flame              Hex/Fire       2%         N/A       65%         3
 Portal Projectile        Hex/Tloc       4%         N/A       65%         3
 Cause Fear               Hex            2%         N/A       88%         4

Inventory:

Hand Weapons
 Y - a +1 sling of electrocution (weapon)
Armour
 a - a +0 leather armour (worn)
 e - a +0 cloak
 f - a +0 ring mail
Jewellery
 b - a ring of protection from fire (left hand)
Scrolls
 c - 3 scrolls of identify
Potions
 d - a potion of degeneration {unknown}
 g - a potion of haste {unknown}

Dungeon Overview and Level Annotations

Branches:
Dungeon (4/15)
 Temple: D:4-7

Altars:
Sif Muna

Annotations:
D:4 2 transporters, 1 runed translucent door, Crazy Yiuf


Message History

The sling bullet closely misses the lemure.
The lemure closely misses you.
You shoot a sling bullet.
The sling bullet hits the lemure but does no damage.
The lemure is severely wounded.
The lemure hits you but does no damage.
A sleepcap comes into view.
The lemure hits you but does no damage.
You shoot a sling bullet. The sling bullet misses the lemure.
The lemure hits you.
You shoot a sling bullet.
The sling bullet hits the lemure but does no damage.
The lemure is severely wounded.
The lemure barely misses you.
You shoot a sling bullet.
The sling bullet closely misses the lemure.
The lemure hits you.
You shoot a sling bullet. The sling bullet misses the lemure.
The sleepcap releases spores at you. The lemure closely misses you.
You shoot a sling bullet.
The sling bullet barely misses the lemure.
The sleepcap closely misses you. The lemure hits you but does no damage.
You shoot a sling bullet.
The sling bullet barely misses the lemure.
The lemure hits you. The sleepcap releases spores at you.
You are engulfed in a cloud of soporific spores!
You fall asleep.
The sleepcap releases spores at you!
You wake up.
The lemure completely misses you.
You shoot a sling bullet. The sling bullet hits the lemure.
The lemure is severely wounded.
The sleepcap barely misses you. The lemure hits you but does no damage.
You shoot a sling bullet. The sling bullet hits the lemure.
The lemure is severely wounded.
The sleepcap barely misses you. You furiously retaliate!
You headbutt the sleepcap. The lemure misses you.
You shoot a sling bullet.
The sling bullet barely misses the lemure.
The sleepcap releases spores at you but does no damage.
The lemure hits you!
You die...

#....>.. #......
#..... #.... ..%
#######.#
#..).##.#########
#...@5..........#####
#...f...........##...
#...............#....
#...............#....
#.............?.#....
##'#########.>..##...
#.. ..####....##...
#.. ..........##...
..........##...


You could see a lemure and a sleepcap.

Vanquished Creatures
  A black bear (D:4)
  An orc wizard (D:3)
  4 adders
  A worm (D:2)
  A dart slug (D:1)
  4 orcs (D:3)
  9 endoplasms
  4 giant cockroaches
  6 hobgoblins
  5 jackals (D:4)
  7 quokkas
  4 ball pythons
  2 bats (D:3)
  2 frilled lizards
  4 goblins
  2 kobolds (D:4)
  4 rats
61 creatures vanquished.

Notes
Turn   | Place    | Note
-------+----------+-------------------------------------------
     0 | D:1      | qw the Minotaur Hexslinger began the quest for the Orb.
     0 | D:1      | Reached XP level 1. HP: 16/16 MP: 1/1
     0 | D:1      | 0 ||| qw: Version: 0.3-a-40-ge99b1a8
     0 | D:1      | 0 ||| qw: Game counter: 608
     0 | D:1      | 0 ||| qw: Melee chars always use a shield: true
     0 | D:1      | 0 ||| qw: God list: Okawaru
     0 | D:1      | 0 ||| qw: Allow faded altars: false
     0 | D:1      | 0 ||| qw: Do Orc after clearing Dungeon:15 true
     0 | D:1      | 0 ||| qw: Do second Lair branch before Depths: true
     0 | D:1      | 0 ||| qw: Lair rune preference: random
     0 | D:1      | 0 ||| qw: Goals: Normal
     0 | D:1      | 0 ||| PLANNING D:1-11
   182 | D:1      | Reached skill level 3 in Ranged Weapons
   185 | D:1      | Reached XP level 2. HP: 23/23 MP: 2/2
   609 | D:1      | 609 ||| DROPPING ring of wizardry.
   610 | D:1      | 610 ||| READING scroll labelled OXINKICUEN.
   611 | D:1      | 611 ||| READING scroll labelled HATO CUYZAAWNA.
   612 | D:1      | 612 ||| DROPPING scroll of poison.
   774 | D:2      | Reached XP level 3. HP: 21/29 MP: 3/3
   774 | D:2      | 774 ||| FLEEEEING.
   775 | D:2      | 775 ||| FLEEEEING.
   776 | D:2      | 776 ||| FLEEEEING.
   993 | D:2      | Found a faded altar of an unknown god.
  1127 | D:2      | 1127 ||| UPGRADING to +0 leather armour.
  1137 | D:2      | 1137 ||| DROPPING +0 robe.
  1138 | D:2      | 1138 ||| UPGRADING to ring of protection from fire.
  1139 | D:2      | 1139 ||| READING scroll labelled YLAAPNEGUG.
  1289 | D:3      | Reached skill level 4 in Ranged Weapons
  1298 | D:3      | 1298 ||| FLEEEEING.
  1299 | D:3      | 1299 ||| FLEEEEING.
  1300 | D:3      | 1300 ||| FLEEEEING.
  1301 | D:3      | 1301 ||| FLEEEEING.
  1302 | D:3      | 1302 ||| FLEEEEING.
  1303 | D:3      | 1303 ||| FLEEEEING.
  1309 | D:3      | 1309 ||| FLEEEEING.
  1681 | D:3      | 1681 ||| FLEEEEING.
  1682 | D:3      | 1682 ||| FLEEEEING.
  1683 | D:3      | 1683 ||| FLEEEEING.
  1684 | D:3      | 1684 ||| FLEEEEING.
  1685 | D:3      | 1685 ||| FLEEEEING.
  1686 | D:3      | 1686 ||| FLEEEEING.
  1687 | D:3      | 1687 ||| FLEEEEING.
  1688 | D:3      | 1688 ||| FLEEEEING.
  1689 | D:3      | 1689 ||| FLEEEEING.
  1690 | D:3      | 1690 ||| FLEEEEING.
  1691 | D:3      | 1691 ||| FLEEEEING.
  1692 | D:3      | 1692 ||| FLEEEEING.
  1694 | D:3      | 1694 ||| FLEEEEING.
  1695 | D:3      | 1695 ||| FLEEEEING.
  1710 | D:3      | Reached XP level 4. HP: 24/36 MP: 4/4
  1894 | D:3      | Found a shimmering blue altar of Sif Muna.
  2125 | D:3      | 2125 ||| READING scroll labelled AZOBIJ MUERGHEE.
  2126 | D:3      | 2126 ||| READING scroll labelled LIESSAR LECA.
  2127 | D:3      | 2127 ||| READING scroll labelled ATTIRU GALAAMMAIQ.
  2128 | D:3      | 2128 ||| READING scroll labelled FIRIKHL CAUV.
  2191 | D:4      | Found a transporter.
  2213 | D:4      | Noticed a black bear
  2217 | D:4      | Killed a black bear
  2218 | D:4      | Reached skill level 6 in Ranged Weapons
  2218 | D:4      | Reached XP level 5. HP: 41/41 MP: 5/5
  2301 | D:4      | Found a transporter.
  2350 | D:4      | Found a runed translucent door.
  2351 | D:4      | Noticed Crazy Yiuf
  2381 | D:4      | Reached skill level 3 in Fighting
  2409 | D:4      | Noticed a lemure
  2415 | D:4      | 2415 ||| DROPPING +0 sling of freezing.
  2434 | D:4      | HP: 7/45 [sleepcap (14)]
  2437 | D:4      | Slain by a lemure

Levels and vault maps discovered:
D:1:      dpeg_arrival_rooms_b, layout_loops_ring
D:2:      layout_rooms, shapermc_ecumenical_altar_mp_ritualfount
D:3:      layout_basic, led_sif_pool
D:4:      gammafunk_steamed_eel, layout_gridville,
          chequers_serial_rivers_micro_a, uniq_crazy_yiuf_cottage, uniq_pikel

Skill      XL: |  1  2  3  4  5 |
---------------+----------------+-----
Ranged Weapons | 3 4 6 |  6.1
Fighting       | 2 3 |  3.0
Dodging        | |  2.1
Spellcasting   | |  1.0
Hexes          | |  2.0

Action                     |  1- 3 |  4- 6 || total
---------------------------+-------+-------++-------
   Fire: Sling             |   132 |    71 ||   203
    Use: Scroll            |     3 |     4 ||     7
 Armour: Robe              |     6 |       ||     6
         Leather armour    |     5 |     9 ||    14
  Dodge: Dodged            |    22 |    31 ||    53

Table legend:
 A = Non-vault XP
 B = Vault XP
 C = Vault XP percentage of total XP
 D = Non-vault monster count
 E = Vault monster count
 F = Vault count percentage of total count
                 A         B        C        D         E       F
            +---------+---------+-------+---------+---------+-------
      Total |     331 |       0 |   0.0 |      61 |       0 |   0.0
            +---------+---------+-------+---------+---------+-------
        D:1 |      21 |       0 |   0.0 |      11 |       0 |   0.0
        D:2 |      36 |       0 |   0.0 |      19 |       0 |   0.0
        D:3 |      74 |       0 |   0.0 |      15 |       0 |   0.0
        D:4 |     200 |       0 |   0.0 |      16 |       0 |   0.0
            +---------+---------+-------+---------+---------+-------
